 Dungeon Crawl Stone Soup version 0.30-a0-777-ga9a30cbeda (webtiles) character file.

Game seed: 14604981686707370001

515 Pooter the Ruffian (level 7, 0/67 HPs)
             Began as a Troll Hunter on Feb 14, 2023.
             Slain by a lemure (8 damage)
             ... led by Pikel
             ... on level 4 of the Dungeon.
             The game lasted 00:19:07 (2713 turns).

Pooter the Ruffian (Troll Hunter)                   Turns: 2713, Time: 00:19:07

Health: 0/67       AC:  6    Str: 22    XL:     7   Next: 0%
Magic:  6/6        EV: 10    Int:  5    God:
Gold:   173        SH:  0    Dex: 19    Spells: 6/6 levels left

rFire   . . .      SeeInvis .    o - +2 war axe (distort) {!w}
rCold   . . .      Faith    .    (no shield)
rNeg    . . .      Spirit   .    z - +2 robe {Will+}
rPois   .          Reflect  .    (helmet restricted)
rElec   .          Harm     .    (no cloak)
rCorr   .          Rampage  .    (gloves unavailable)
Will    +....                    (boots unavailable)
Stlth   ++                       (no amulet)
HPRegen 1.11/turn                f - +6 ring of dexterity
MPRegen 0.10/turn                W - ring of wizardry

@: no status effects
A: large, unfitting armour, claws 3, regeneration 1, shaggy fur 1, tough skin 1
a: no special abilities


You were on level 4 of the Dungeon.
You visited 1 branch of the dungeon, and saw 4 of its levels.

You collected 173 gold pieces.

Inventory:

Hand Weapons
 b - a +0 shortbow
 o - a +2 war axe of distortion (weapon) {!w}
   (You found it on level 3 of the Dungeon)
 w - a +0 vampiric trident
   (You took it off an orc on level 4 of the Dungeon)
Missiles
 g - 11 poisoned darts
 q - 4 boomerangs
 Q - 28 stones (quivered)
Armour
 z - a +2 robe of willpower (worn)
   (You took it off Sigmund on level 4 of the Dungeon)
 B - a +0 troll leather armour {Pargi}
   (You found it on level 4 of the Dungeon)
Jewellery
 f - a +6 ring of dexterity (left claw)
   (You found it on level 1 of the Dungeon)
 W - a ring of wizardry (right claw)
   (You took it off a hobgoblin on level 2 of the Dungeon)
Scrolls
 a - 2 scrolls of magic mapping
 e - a scroll of immolation {!r}
 i - a scroll of silence {unknown}
 k - a scroll of amnesia {unknown}
 l - a scroll of blinking {unknown}
 r - a scroll of brand weapon {unknown}
 t - 2 scrolls of teleportation {unknown}
 u - a scroll of fog {unknown}
 v - a scroll of enchant armour {unknown}
 x - a scroll of fear
 A - a scroll of acquirement {unknown}
Potions
 c - a potion of attraction {unknown}
 d - 3 potions of curing {@q1}
 h - a potion of cancellation
 j - a potion of brilliance
 m - 2 potions of degeneration {unknown}
 n - a potion of haste {unknown}
 p - a potion of might {unknown}
 s - 2 potions of heal wounds {unknown}
 y - a potion of resistance {unknown}


   Skills:
 + Level 3.0 Fighting
 * Level 4.2 Ranged Weapons
 - Level 1.5 Dodging
 - Level 0.3 Stealth
 * Level 4.4 Unarmed Combat


You had 6 spell levels left.
You didn't know any spells.
Your spell library contained the following spells:

 Spells                   Type           Power      Damage    Failure   Level
 Necrotise                Necr           0%         1d4       21%         1
 Shock                    Conj/Air       0%         1d3       21%         1
 Dazzling Flash           Conj/Hex       0%         N/A       52%         3
 Swiftness                Air            0%         N/A       52%         3
 Vampiric Draining        Necr           0%         2d6       52%         3
 Airstrike                Air            0%         2d(0-16)  88%         4
 Iskenderun's Mystic Bla  Conj/Tloc      0%         2d3       88%         4
 Agony                    Necr           0%         N/A       99%         5
 Starburst                Conj/Fire      0%         6d3       100%        6


Dungeon Overview and Level Annotations

Branches:
Dungeon (4/15)
 Temple: D:4-7

Altars:
Trog
Uskayaw
Wu Jian
Zin
The Shining One

Annotations:
D:4 Pikel


Innate Abilities, Weirdness & Mutations

You are too large for most types of armour.
You have claws for hands.
Your natural rate of healing is unusually fast.
You are covered in fur. (AC +1)
You have tough skin. (AC +1)


Message History

Pikel hits you with a +2 whip of freezing!
Pikel freezes you.
You closely miss Pikel. Pikel barely misses you.
Pikel hits you with a +2 whip of freezing!
Pikel freezes you.
You barely miss Pikel. You slash the lemure! You closely miss the lemure.
You hit the lemure.
Space warps around the lemure.
The lemure hits you but does no damage.
Pikel hits you with a +2 whip of freezing.
Pikel freezes you. The lemure hits you.
You barely miss Pikel. You hit the lemure.
Space warps around the lemure.
You miss the lemure. You hit the lemure.
Space warps horribly around the lemure!
The lemure barely misses you. Pikel completely misses you.
The lemure closely misses you. The lemure hits you. x3
* * * LOW HITPOINT WARNING * * *
Pikel hits you with a +2 whip of freezing.
* * * LOW HITPOINT WARNING * * *
Pikel freezes you.
* * * LOW HITPOINT WARNING * * *
The lemure barely misses you. The lemure hits you.
* * * LOW HITPOINT WARNING * * *
You closely miss Pikel. You hit the lemure but do no damage.
Space warps around the lemure.
You slash the lemure!
Space warps around the lemure.
You slash the lemure! x2; The lemure blinks!
The lemure hits you.
* * * LOW HITPOINT WARNING * * *
Pikel hits you with a +2 whip of freezing.
* * * LOW HITPOINT WARNING * * *
Pikel freezes you.
* * * LOW HITPOINT WARNING * * *
The lemure hits you.
* * * LOW HITPOINT WARNING * * *
The lemure hits you.
* * * LOW HITPOINT WARNING * * *
You closely miss Pikel. You closely miss the lemure. x3
The lemure hits you but does no damage. Pikel hits you but does no damage.
The lemure barely misses you. x4; The lemure hits you.
* * * LOW HITPOINT WARNING * * *
Pikel closely misses you.
You barely miss Pikel. You hit the lemure.
Space warps horribly around the lemure!
You hit the lemure but do no damage. You slash the lemure!
You kill the lemure!
That felt strangely unrewarding.
The lemure barely misses you. x2
Pikel closely misses you.
You barely miss Pikel.
You closely miss the lemure. x2; You hit the lemure.
Space warps around the lemure.
The lemure hits you but does no damage. The lemure hits you!
You die...

#.#⌠...#..#...
#.######..#...
#.........'...
###......###.. #####
######......#####
##....##.^..#.....†..#
.....................#
......5.K............#
......5@5............#
######################


You could see Pikel and 3 lemures.

Vanquished Creatures
  Sigmund (D:4)
  Pargi (D:4)
  A lemure (D:4)
  A quasit (D:4)
  A jelly (D:4)
  An orc wizard (D:4)
  6 adders
  A shadow imp (D:3)
  A white imp (D:4)
  4 ufetubi
  A worm (D:2)
  2 dart slugs (D:1)
  13 orcs
  A bat (D:1)
  11 endoplasms
  A giant cockroach (D:4)
  2 goblins
  8 hobgoblins
  9 kobolds
  4 quokkas
  6 ball pythons
  A frilled lizard (D:1)
  2 rats
79 creatures vanquished.

Vanquished Creatures (others)
  A demonic plant (D:4)
1 creature vanquished.

Grand Total: 80 creatures vanquished

Notes
Turn   | Place    | Note
-------+----------+-------------------------------------------
     0 | D:1      | Pooter the Troll Hunter began the quest for the Orb.
     0 | D:1      | Reached XP level 1. HP: 19/19 MP: 0/0
   256 | D:1      | Found a faded altar of an unknown god.
   324 | D:1      | Reached XP level 2. HP: 28/28 MP: 1/1
   338 | D:1      | Reached skill level 1 in Unarmed Combat
   761 | D:2      | Reached XP level 3. HP: 33/35 MP: 2/2
  1610 | D:2      | Reached XP level 4. HP: 42/42 MP: 3/3
  2212 | D:4      | Found an ornate altar of the Wu Jian Council.
  2214 | D:4      | Reached XP level 5. HP: 49/49 MP: 4/4
  2354 | D:4      | Noticed Sigmund
  2469 | D:4      | Noticed a +0 falchion
  2469 | D:4      | Noticed a +0 spear
  2470 | D:4      | Noticed a +0 spear
  2471 | D:4      | Noticed a +0 dagger
  2471 | D:4      | Noticed a +0 falchion
  2471 | D:4      | Noticed a +0 dagger
  2472 | D:4      | Noticed a +0 short sword
  2472 | D:4      | Noticed a +0 short sword
  2475 | D:4      | Killed Sigmund
  2476 | D:4      | Reached XP level 6. HP: 59/59 MP: 5/5
  2495 | D:4      | Found a bloodstained altar of Trog.
  2495 | D:4      | Found a glowing silver altar of Zin.
  2608 | D:4      | Found a hide-covered altar of Uskayaw.
  2651 | D:4      | Noticed Pargi
  2663 | D:4      | Killed Pargi
  2664 | D:4      | Reached XP level 7. HP: 67/67 MP: 6/6
  2680 | D:4      | Found a glowing golden altar of the Shining One.
  2704 | D:4      | Noticed Pikel
  2713 | D:4      | Slain by a lemure

Illustrated notes

Levels and vault maps discovered:
D:1:      dpeg_arrival_pits, layout_basic, shapermc_ecumenical_altar_pompeii,
          minmay_misc_feat_tiny, grunt_decor_arrowhead,
          chequers_serial_rivers_marsh
D:2:      layout_loops_ring
D:3:      layout_loops_cross, dreamdust_princess_bridge
D:4:      layout_gridville, nicolae_hepliaklqana_hippocampus,
          mainiacjoe_overflow_alcove_2, nicolae_uskayaw_en_pointe,
          kennysheep_mini_moat, chequers_temple_overflow_statue_of_worship,
          serial_demonic, serial_demonic_a, serial_demonic_e, serial_demonic_a,
          serial_demonic_e, mrwooster_statue_mirror, uniq_pikel, uniq_sigmund,
          uniq_pargi

Skill      XL: |  1  2  3  4  5  6 |
---------------+-------------------+-----
Unarmed Combat | 1 2 4 |  4.4
Ranged Weapons | 3 4 |  4.2
Fighting       | 2 3 |  3.0
Dodging        | |  1.5
Stealth        | |  0.3

Action                     |  1- 3 |  4- 6 |  7- 9 || total
---------------------------+-------+-------+-------++-------
  Melee: Unarmed           |    22 |    35 |       ||    57
         Punch             |       |     1 |       ||     1
         War axe           |       |    29 |     8 ||    37
   Fire: Shortbow          |    78 |    35 |       ||   113
    Use: Scroll            |     3 |     2 |       ||     5
   Stab: Sleeping          |       |     1 |       ||     1
 Armour: Robe              |     5 |    40 |     4 ||    49
  Dodge: Dodged            |     9 |    49 |    13 ||    71

Table legend: (Time is in decaauts)
 A = Elapsed time spent in this place.
 B = Non-inter-level travel time spent in this place.
 C = Inter-level travel time spent in this place.
 D = Time resting spent in this place.
 E = Time spent auto-exploring this place.
 F = Levels seen in this place.
 G = Mean time per level.
                   A        B        C        D        E       F      G
               +--------+--------+--------+--------+--------+-----+--------+
         Total |   2756 |   2687 |     69 |    453 |   1643 |   4 |  689.0 |
       Dungeon |   2756 |   2687 |     69 |    453 |   1643 |   4 |  689.0 |
               +--------+--------+--------+--------+--------+-----+--------+

Top non-repeatable levels by time:
     D:2: 848 daAuts
     D:3: 648 daAuts
     D:4: 632 daAuts
     D:1: 627 daAuts
